 Dungeon Crawl Stone Soup version 0.16.2-2-g470672f (webtiles) character file.

7977 hannobal the Spear-Bearer (level 11, 0/84 HPs)
             Began as a Formicid Fighter on Sept 3, 2015.
             Was a High Priest of Fedhas.
             Slain by Snorg (7 damage)
             ... on level 3 of the Orcish Mines.
             The game lasted 01:07:28 (12897 turns).

hannobal the Spear-Bearer (Formicid Fighter)       Turns: 12897, Time: 01:07:28

Health: 0/84       AC: 16    Str: 28    XL:     11   Next: 47%
Magic:  23/23      EV:  5    Int:  8    God:    Fedhas [*****.]
Gold:   790        SH:  9    Dex: 11    Spells: 0 memorised, 10 levels left

rFire  . . .     SeeInvis +     a - +1 halberd (venom)
rCold  + . .     Clarity  .     S - +2 plate armour {rPois}
rNeg   . . .     SustAb   .     c - +0 shield
rPois  +         Gourm    .     (helmet unavailable)
rElec  .         Spirit   .     g - +1 cloak
rCorr  .         Warding  .     (no gloves)
rMut   .         Stasis   +     (no boots)
MR     +....                    (no amulet)
Stlth  ..........               (no ring)
                                K - ring of protection from cold

@: mighty, heavily drained, somewhat resistant to hostile enchantments,
extremely unstealthy
A: permanent stasis, dig shafts and tunnels, four strong arms, antennae 3,
talons 1, molten scales 1, breathe flames 1
a: Dig, Shaft Self, Evolution, Sunlight, Growth, Reproduction, Rain, Renounce
Religion, Breathe Fire


You were on level 3 of the Orcish Mines.
You worshipped Fedhas.
Fedhas was extremely pleased with you.
You were hungry.

You visited 4 branches of the dungeon, and saw 14 of its levels.

You collected 1582 gold pieces.
You spent 792 gold pieces at shops.

Inventory:

Hand weapons
 a - a +1 halberd of venom (weapon)
 b - a +0 hunting sling
 n - a +2 dagger of electrocution
 s - a +0 blowgun
 w - a +0 trident
 y - a +1 broad axe of flaming
 A - a +1 spear of venom
 C - a +0 rapier of venom
 U - a +2 war axe of electrocution
Missiles
 i - 5 javelins (quivered)
 p - 102 poisoned needles
 z - 8 tomahawks of returning
 L - 17 tomahawks
 P - 80 bolts
 Q - a throwing net
 T - 315 stones
Armour
 c - a +0 shield (worn)
 f - a +0 large shield
 g - a +1 cloak (worn)
 v - a +0 troll leather armour
 x - a +2 robe of magic resistance
 S - a +2 plate armour of poison resistance (worn)
Magical staves
 o - an uncursed staff of death
Jewellery
 K - a ring of protection from cold (left hand)
Magical devices
 l - a wand of draining (4)
 H - a wand of frost (33)
 I - a wand of polymorph (14)
Scrolls
 k - 5 scrolls of noise
 r - 3 scrolls of remove curse
 F - 2 scrolls of enchant weapon
 G - a scroll of magic mapping
 J - a scroll of enchant armour
 M - a scroll of brand weapon
 N - a scroll of amnesia
Potions
 e - 2 potions of might
 h - a potion of cure mutation {unknown}
 j - a potion of flight
 t - 2 potions of restore abilities
 u - a potion of magic
 D - a potion of agility
Books
 B - a book of Dreams

   Spells                             Type                      Level
   a - Ensorcelled Hibernation        Hexes/Ice                    2
   b - Flight                         Charms/Air                   3
   c - Phase Shift                    Translocation                5
   d - Shadow Creatures               Summoning                    5
   e - Mass Confusion                 Hexes                        6
   f - Darkness                       Hexes                        7
 O - a book of Power

   Spells                             Type                      Level
   a - Fulminant Prism                Conjuration/Hexes            4
   b - Iskenderun's Mystic Blast      Conjuration                  4
   c - Venom Bolt                     Conjuration/Poison           5
   d - Bolt of Magma                  Conjuration/Fire/Earth       5
   e - Iron Shot                      Conjuration/Earth            6
   f - Orb of Destruction             Conjuration                  7
   g - Spellforged Servitor           Conjuration/Summoning        7
 R - a book of Fire

   Spells                             Type                      Level
   a - Ignite Poison                  Fire/Transmutation           5
   b - Fireball                       Conjuration/Fire             5
   c - Bolt of Fire                   Conjuration/Fire             6
   d - Delayed Fireball               Conjuration/Fire             7
   e - Ring of Flames                 Charms/Fire                  7
Comestibles
 d - 11 bread rations {@e1}
 m - 9 fruits {!e}
 q - 5 slices of pizza
 E - 6 meat rations {@e2}
 V - 2 chunks of flesh {@w0}


   Skills:
 - Level 7.0(5.2) Fighting
 - Level 14.0(11.9) Polearms
 - Level 1.0(0.0) Throwing
 - Level 5.0(3.3) Armour
 - Level 1.4(0.0) Dodging
 - Level 3.6(2.0) Shields
 + Level 6.6(4.9) Invocations
 - Level 1.4(0.0) Evocations


You had 10 spell levels left.
You didn't know any spells.

Dungeon Overview and Level Annotations

Branches:
Dungeon (9/15)             Temple (1/1) D:4            Lair (1/8) D:8
    Orc (3/4) D:9
    Elf: Orc:3-4

Altars:
Ashenzari
Cheibriados
Dithmenos
Elyvilon
Fedhas
Gozag
Kikubaaqudgha
Makhleb
Nemelex Xobeh
Okawaru
Qazlal
Ru
Sif Muna
Trog
Vehumet
Xom
Yredelemnul
Zin
The Shining One
Beogh
Lugonu

Shops:
D:4 [   D:5 }**!(   Orc:3 %

Annotations:
Orc:2 exclusion: 2 upstairs
Orc:3 Snorg


Innate Abilities, Weirdness & Mutations

You are under a permanent stasis effect.
You can dig through walls and to a lower floor.
Your four strong arms can wield two-handed weapons with a shield.
You have a pair of large antennae on your head (SInv).
You have sharp toenails.
You are partially covered in molten scales (AC +1).
You can breathe flames.


Message History

You are too injured to fight recklessly!
You are too injured to fight recklessly!
You are too injured to fight recklessly!
You slice Snorg!! You claw Snorg, but do no damage.
Snorg is almost dead.
Snorg bites you but does no damage. Snorg claws you!
* * * LOW HITPOINT WARNING * * *
Snorg claws you.
* * * LOW HITPOINT WARNING * * *
Drink which item? (? for menu, Esc to quit)
Okay, then.
Read which item? (? for menu, Esc to quit)
Okay, then.
Drink which item? (? for menu, Esc to quit)
You feel very mighty all of a sudden. Snorg bites you but does no damage.
You block Snorg's attack. Snorg claws you!
* * * LOW HITPOINT WARNING * * *
Snorg barely misses you. Snorg claws you!
You die...
Fedhas appreciates your contribution to the ecosystem.

..........# )........####
............# # ............###
... ...#........#.## ....
..##...........# ##.....
.######.>.....### ##>.......
### ##.........######.)...$...
..####........##@Toogg#.#......
.###..........#.######### ...
............#..####### .
.............#####...#
..........#.## ##....##
...........## ##......###
..[.....#.#.###.........#
.......#####.##.........###
..^.....# ##.............##


You could see Snorg (berserk), an orc warrior, an orc, a hobgoblin and a goblin.

Vanquished Creatures
  An orc sorcerer (Orc:3)
  An ugly thing (D:7)
  Prince Ribbit (D:6)
  A troll (Orc:2)
  2 yaks (D:8)
  A hill giant zombie (D:9)
  A steam dragon (D:7)
  2 hippogriffs
  A human (D:8)
  A warg (Orc:3)
  A hungry ghost (D:9)
  A porcupine (Lair:1)
  4 sky beasts
  2 black bears
  6 ice beasts
  8 orc warriors
  2 phantoms (D:9)
  A water moccasin (D:6)
  2 ogres
  A big kobold (D:9)
  5 giant frogs
  A water moccasin skeleton (D:5)
  A gnoll sergeant (D:4)
  2 scorpions
  2 troll zombies (D:9)
  2 killer bees
  4 wights (D:9)
  2 crimson imps
  2 goliath beetles
  3 jellies
  10 orc priests
  7 hounds
  16 orc wizards
  4 iguanas
  A sheep (Orc:1)
  7 worker ants
  3 ogre zombies (D:9)
  10 gnolls
  8 adders
  2 shadow imps
  2 worms
  An adder skeleton (D:6)
  9 giant geckos
  3 oozes
  112 orcs
  A bat skeleton (D:8)
  A bat zombie (D:4)
  7 giant cockroaches
  25 hobgoblins
  7 jackals
  18 kobolds
  6 quokkas
  2 ball pythons (D:1)
  14 bats
  A giant gecko skeleton (D:5)
  6 giant newts
  A giant spore (Orc:2)
  12 goblins
  3 goblin zombies (D:9)
  A hobgoblin zombie (D:9)
  5 orc skeletons (D:9)
  10 orc zombies (D:9)
  A quokka skeleton (D:4)
  21 rats
401 creatures vanquished.

Vanquished Creatures (collateral kills)
  A yak (D:8)
  Blork the orc (D:5)
  An orc (D:6)
  A giant spore (Orc:2)
4 creatures vanquished.

Vanquished Creatures (others)
  A wandering mushroom (D:6)
  303 toadstools
304 creatures vanquished.

Grand Total: 709 creatures vanquished

Notes
Turn   | Place    | Note
--------------------------------------------------------------
     0 | D:1      | hannobal, the Formicid Fighter, began the quest for the Orb.
     0 | D:1      | Reached XP level 1. HP: 18/18 MP: 1/1
   218 | D:1      | Reached XP level 2. HP: 24/24 MP: 3/3
   412 | D:1      | Reached XP level 3. HP: 16/29 MP: 4/4
   930 | D:2      | Found a deep blue altar of Sif Muna.
   956 | D:2      | Found a blossoming altar of Fedhas.
   957 | D:2      | Gained mutation: You can breathe flames. [potion of mutation]
   957 | D:2      | Gained mutation: You have sharp toenails. [potion of mutation]
   957 | D:2      | Gained mutation: You are partially covered in molten scales (AC +1). [potion of mutation]
   970 | D:2      | Became a worshipper of Fedhas Madash
  1199 | D:2      | Reached skill level 4 in Polearms
  1199 | D:2      | Reached XP level 4. HP: 35/35 MP: 5/5
  1518 | D:2      | Found a glowing silver altar of Zin.
  2388 | D:3      | Reached XP level 5. HP: 39/41 MP: 7/7
  2623 | D:3      | Found a sparkling altar of Nemelex Xobeh.
  2943 | D:4      | Reached skill level 5 in Polearms
  3162 | D:4      | Reached XP level 6. HP: 27/47 MP: 8/8
  3178 | D:4      | Reached skill level 6 in Polearms
  3190 | D:4      | Acquired Fedhas' first power
  3413 | D:4      | Found Wuthonynoe's Antique Armour Boutique.
  3421 | D:4      | Bought a glowing robe for 17 gold pieces
  3421 | D:4      | Bought a glowing leather armour for 50 gold pieces
  3421 | D:4      | Bought a glowing robe for 17 gold pieces
  3656 | D:4      | Found a staircase to the Ecumenical Temple.
  3794 | D:4      | Found a shimmering altar of Xom.
  3933 | D:4      | Reached skill level 7 in Polearms
  3933 | D:4      | Reached XP level 7. HP: 35/52 MP: 9/9
  3993 | D:4      | Acquired Fedhas' second power
  4383 | Temple   | Entered the Ecumenical Temple
  4438 | D:5      | Entered Level 5 of the Dungeon
  4467 | D:5      | Found Letemaff's Gadget Emporium.
  4653 | D:5      | Found Mietayku's General Store.
  4687 | D:5      | Bought a scroll of remove curse for 33 gold pieces
  4687 | D:5      | Bought a +0 cloak for 49 gold pieces
  4794 | D:5      | Found Morchol Noabb's General Store.
  4943 | D:4      | Reached skill level 8 in Polearms
  5012 | D:5      | Reached XP level 8. HP: 52/58 MP: 11/11
  5055 | D:5      | Found Koraowec's Weapon Shop.
  5065 | D:5      | Killed Blork the orc
  5121 | D:5      | Reached skill level 9 in Polearms
  5263 | D:5      | Found Buomoo's Distillery.
  5616 | D:6      | Reached skill level 10 in Polearms
  5823 | D:6      | Noticed Prince Ribbit
  5832 | D:6      | Killed Prince Ribbit
  5832 | D:6      | Reached XP level 9. HP: 64/64 MP: 12/12
  6100 | D:6      | Reached skill level 11 in Polearms
  6593 | D:7      | Acquired Fedhas' third power
  6793 | D:7      | Found an ancient bone altar of Kikubaaqudgha.
  6918 | D:7      | Noticed a purple ugly thing
  6934 | D:7      | Killed a purple ugly thing
  6934 | D:7      | Reached skill level 12 in Polearms
  7167 | D:7      | Reached XP level 10. HP: 60/70 MP: 13/13
  7268 | D:7      | Reached skill level 13 in Polearms
  7670 | D:7      | Reached skill level 1 in Evocations
  7703 | D:8      | Reached skill level 1 in Dodging
  7771 | D:8      | Acquired Fedhas' fourth power
  7802 | D:7      | You fall through a shaft for 2 floors!
  8021 | D:8      | Reached skill level 5 in Fighting
  8331 | D:8      | Reached skill level 5 in Armour
  8454 | D:8      | Found a staircase to the Lair.
  8496 | Lair:1   | Entered Level 1 of the Lair of Beasts
  8547 | Lair:1   | Noticed an eight-headed hydra
  8772 | D:9      | Reached skill level 5 in Invocations
  8981 | D:9      | Found an iron altar of Okawaru.
  9120 | D:5      | Bought a +2 plate armour of poison resistance for 518 gold pieces
  9508 | D:9      | Reached skill level 1 in Throwing
  9531 | D:9      | Found a staircase to the Orcish Mines.
  9569 | D:9      | Reached XP level 11. HP: 50/79 MP: 21/21
 10033 | D:9      | Found a sacrificial altar of Ru.
 10033 | D:9      | Found an opulent altar of Gozag.
 10063 | D:9      | Found a shadowy altar of Dithmenos.
 10458 | Orc:1    | Entered Level 1 of the Orcish Mines
 10565 | Orc:1    | Acquired Fedhas' fifth power
 10587 | Orc:1    | Found a roughly hewn altar of Beogh.
 10963 | Orc:2    | Reached skill level 14 in Polearms
 11825 | Orc:1    | Found a bloodstained altar of Trog.
 12043 | Orc:3    | Found Otoar's Food Emporium.
 12264 | Orc:3    | Noticed an orc sorcerer
 12274 | Orc:3    | Killed an orc sorcerer
 12295 | Orc:3    | Bought 3 fruits for 54 gold pieces
 12295 | Orc:3    | Bought 3 fruits for 54 gold pieces
 12430 | Orc:3    | Found a roughly hewn altar of Beogh.
 12858 | Orc:3    | Noticed Snorg
 12897 | Orc:3    | Slain by Snorg

Action                   |  1- 3 |  4- 6 |  7- 9 | 10-12 || total
-------------------------+-------+-------+-------+-------++-------
Melee: Trident           |   123 |   281 |   134 |       ||   538
       Spear             |       |       |   101 |       ||   101
       Halberd           |       |       |   143 |   678 ||   821
 Fire: Hunting sling     |       |     2 |       |       ||     2
Throw: Stone             |     3 |       |     3 |     8 ||    14
       Tomahawk          |       |       |     5 |     8 ||    13
       Javelin           |       |       |       |     1 ||     1
Invok: Evolution         |       |       |     1 |     1 ||     2
       Reproduction      |       |       |       |     1 ||     1
 Abil: Shaft Self        |       |       |       |     1 ||     1
       Dig               |       |       |       |     2 ||     2
  Use: Potion            |     5 |     1 |       |     4 ||    10
       Scroll            |     4 |     7 |     6 |     6 ||    23
 Stab: Invisible         |     1 |       |       |       ||     1
       Distracted        |       |       |       |     1 ||     1
       Fleeing           |       |       |       |     1 ||     1
  Eat: Chunk             |     1 |     6 |    11 |    10 ||    28
       Beef jerky        |       |     1 |     1 |       ||     2
       Pizza             |       |     1 |       |     4 ||     5
       Bread ration      |       |       |       |     1 ||     1
